 Dungeon Crawl Stone Soup version 0.31.0-1-g2c135a0 (webtiles) character file.

Game seed: 1863281305257418352

87 mezmerelda the Chopper (level 4, -8/39 HPs)
             Began as a Hill Orc Fighter on Mar 9, 2024.
             Killed from afar by an orc wizard (13 damage)
             ... with a puff of flame
             ... on level 3 of the Dungeon.
             The game lasted 00:04:39 (1062 turns).

mezmerelda the Chopper (Hill Orc Fighter)           Turns: 1062, Time: 00:04:39

Health: -8/39      AC:  6    Str: 20    XL:     4   Next: 51%
Magic:  4/4        EV:  9    Int:  8    God:
Gold:   55         SH:  4    Dex: 10    Spells: 3/3 levels left

rFire   . . .        a - +0 war axe
rCold   . . .        c - +0 buckler
rNeg    + . .        b - +0 scale mail
rPois   .            (no helmet)
rElec   .            (no cloak)
rCorr   .            (no gloves)
SInv    .            (no boots)
Will    .....        (no amulet) Stlth
                     j - ring of positive energy
HPRegen 0.26/turn    (no ring)
MPRegen 0.09/turn

%: no passive effects
@: studying Unarmed Combat
A: no striking features
a: no special abilities


You were on level 3 of the Dungeon.
You visited 1 branch of the dungeon, and saw 3 of its levels.

You collected 55 gold pieces.

Inventory:

Hand Weapons
 a - a +0 war axe (weapon)
Armour
 b - a +0 scale mail (worn)
 c - a +0 buckler (worn)
Jewellery
 j - a ring of positive energy (left hand)
Scrolls
 f - a scroll of immolation {unknown}
 g - a scroll of identify {unknown}
 h - a scroll of vulnerability {unknown}
 k - a scroll of revelation {unknown}
Potions
 d - a potion of might
 e - a potion of mutation {unknown}
 i - a potion of curing {unknown}


   Skills:
 - Level 3.6 Fighting
 + Level 6.1 Axes
 - Level 3.2 Armour
 - Level 3.2 Shields


You had 3 spell levels left.
You didn't know any spells.
Your spell library contained the following spells:

 Spells                   Type           Power      Damage    Failure   Level
 Sting                    Conj/Alch      0%         1d3       83%         1
 Mercury Vapours          Alch/Air       0%         N/A       93%         2
 Volatile Blastmotes      Fire/Tloc      0%         2d10      99%         3
 Fulminant Prism          Conj/Alch      0%         3d5       100%        4
 Iskenderun's Mystic Bla  Conj/Tloc      0%         2d3       100%        4
 Olgreb's Toxic Radiance  Alch           0%         N/A       100%        4


Dungeon Overview and Level Annotations

Branches:
Dungeon (3/15)

Altars:

Annotations:
D:3 3 runed translucent doors, colig's ghost, amateur DjEE


Message History

Your Axes skill increases to level 6!
You barely miss something. Something hits you.
You barely miss something.
You hear some strange, mumbled words.
Something tries to affect you, but you resist.
You block something's attack.
You closely miss something. Something hits you but does no damage.
You slash something! You block something's attack.
You closely miss something.
You hear some strange, mumbled words.
A puff of flame appears from out of thin air!
The puff of flame hits you.
You barely miss something. Something hits you but does no damage.
You hit something but do no damage. Something hits you.
You hear some strange, mumbled words.
A magic dart appears from out of thin air!
The magic dart hits you!
You miss something.
You hear some strange, mumbled words.
Something tries to affect you, but you resist.
You barely miss something.
You hear some strange, mumbled words.
A magic dart appears from out of thin air!
The magic dart hits you!
* * * LOW HITPOINT WARNING * * *
You miss something.
You hear some strange, mumbled words.
A magic dart appears from out of thin air!
The magic dart hits you.
* * * LOW HITPOINT WARNING * * *
You miss something.
You hear some strange, mumbled words.
A puff of flame appears from out of thin air!
The puff of flame hits you.
* * * LOW HITPOINT WARNING * * *
You barely miss something. Something hits you but does no damage.
You hear some strange, mumbled words.
A puff of flame appears from out of thin air!
The puff of flame hits you!
You die...

....## #.......# .....#
#.......# .....#
#.......## # .....#
#####....# .# .....#
#.##.##.#.#
.....########.##......#
.##...........##..#.###
################..# #
.. #@)# ### #){# ..###
#=.# #...# #..# ###.#
#..# # #.# #..# # #.#
#..# # #.# #..# # #.#


There were no monsters in sight!

Vanquished Creatures
  An orc wizard (D:3)
  A gnoll (D:3)
  An adder (D:2)
  A dart slug (D:2)
  An orc (D:3)
  2 ball pythons (D:1)
  2 bats
  3 endoplasms
  2 giant cockroaches
  2 goblins (D:2)
  3 hobgoblins
  6 jackals
  A quokka (D:1)
  4 frilled lizards
  4 kobolds
  4 rats
38 creatures vanquished.

Notes
Turn   | Place    | Note
-------+----------+-------------------------------------------
     0 | D:1      | mezmerelda the Hill Orc Fighter began the quest for the
                  | Orb.
     0 | D:1      | Reached XP level 1. HP: 19/19 MP: 1/1
    29 | D:1      | Reached skill level 3 in Axes
   131 | D:1      | Reached XP level 2. HP: 24/26 MP: 2/2
   179 | D:1      | Reached skill level 4 in Axes
   339 | D:1      | Found a faded altar of an unknown god.
   411 | D:2      | Reached XP level 3. HP: 27/31 MP: 3/3
   554 | D:2      | Reached skill level 5 in Axes
   802 | D:3      | Found a runed translucent gate.
   805 | D:3      | Found a runed translucent gate.
   807 | D:3      | Found a runed translucent gate.
   810 | D:3      | Noticed colig's ghost (amateur DjEE)
   880 | D:3      | Reached XP level 4. HP: 11/39 MP: 4/4
  1051 | D:3      | Reached skill level 6 in Axes
  1062 | D:3      | Killed from afar by an orc wizard

Illustrated notes

Levels and vault maps discovered:
D:1:      wander_arrival_chamber, layout_loops_ring,
          dreamdust_ecumenical_altar_angels_and_demons
D:2:      layout_basic, basic_altar
D:3:      minmay_roachtagon, layout_basic, mainiacjoe_overflow_boulevard,
          gammafunk_ghost_split

Skill      XL: |  1  2  3  4 |
---------------+-------------+-----
Axes           | 3 4 5 6 |  6.1
Fighting       | |  3.6
Armour         | |  3.2
Shields        | |  3.2

Action                     |  1- 3 |  4- 6 || total
---------------------------+-------+-------++-------
  Melee: War axe           |    99 |    20 ||   119
 Armour: Scale mail        |    61 |    21 ||    82
  Dodge: Dodged            |    53 |     5 ||    58
  Block: Buckler           |    27 |     4 ||    31
